 Dungeon Crawl Stone Soup version 0.20-a0-754-g13ddd6e (webtiles) character file.

191 George the Slasher (level 5, -2/45 HPs)
             Began as a Minotaur Fighter on Feb 25, 2017.
             Slain by an orc priest (4 damage)
             ... on level 3 of the Dungeon.
             The game lasted 00:03:09 (2055 turns).

George the Slasher (Minotaur Fighter)               Turns: 2055, Time: 00:03:10

Health: -2/45      AC:  6    Str: 20    XL:     5   Next: 41%
Magic:  4/4        EV:  7    Int:  5    God:
Gold:   124        SH:  9    Dex: 11    Spells: 4/4 levels left

rFire    . . .     SeeInvis .   a - +0 long sword
rCold    . . .     Gourm    .   b - +0 scale mail
rNeg     . . .     Faith    .   c - +0 shield
rPois    .         Spirit   .   (helmet restricted)
rElec    .         Reflect  .   (no cloak)
rCorr    .         Harm     .   (no gloves)
MR       +....                  (no boots)
Stlth    ..........             (no amulet)
Regen    0.2/turn               (no ring)
MPRegen  0.1/turn               n - ring of protection from magic

@: no status effects
A: retaliatory headbutt, horns 2
a: no special abilities


You were on level 3 of the Dungeon.
You were not hungry.

You visited 1 branch of the dungeon, and saw 3 of its levels.

You collected 124 gold pieces.

Inventory:

Hand Weapons
 a - a +0 long sword (weapon)
Missiles
 j - 3 javelins of penetration
 l - 4 javelins (quivered)
Armour
 b - a +0 scale mail (worn)
 c - a +0 shield (worn)
Jewellery
 n - a ring of protection from magic (left hand)
Scrolls
 e - 5 scrolls of identify {unknown}
 g - a scroll of random uselessness {unknown}
 h - 5 scrolls of teleportation {unknown}
 o - a scroll of enchant weapon {unknown}
 r - 2 scrolls of immolation {unknown}
 s - 2 scrolls of remove curse {unknown}
 u - a scroll of blinking {unknown}
 v - a scroll of amnesia {unknown}
Potions
 d - a potion of might
 k - a potion of heal wounds {unknown}
 q - a potion of agility {unknown}
 t - a potion of ambrosia {unknown}
Books
 p - a book of Minor Magic

   Spells                             Type                      Level
   a - Magic Dart                     Conjuration                  1
   b - Blink                          Translocation                2
   c - Call Imp                       Summoning                    2
   d - Slow                           Hexes                        2
   e - Conjure Flame                  Conjuration/Fire             3
   f - Mephitic Cloud                 Conjuration/Poison/Air       3
Comestibles
 f - 2 bread rations
 i - 7 fruits
 m - 5 royal jellies
 w - a chunk of flesh
 x - a meat ration


   Skills:
 - Level 3.6 Fighting
 + Level 6.9 Long Blades
 - Level 3.6 Armour
 - Level 3.6 Shields


You had 4 spell levels left.
You didn't know any spells.

Dungeon Overview and Level Annotations

Branches:
Dungeon (3/15)

Altars:
Ashenzari
Hepliaklqana


Innate Abilities, Weirdness & Mutations

You reflexively headbutt those who attack you in melee.
You have a pair of horns on your head.


Message History

The orc wizard is lightly wounded.
The orc wizard closely misses you.
The orc wizard hits you but does no damage.
You hit the orc wizard.
The orc wizard is heavily wounded.
The orc wizard hits you with a dagger.
The orc priest invokes the aid of Beogh against you.
You resist with some effort. The orc wizard barely misses you.
You closely miss the orc wizard. You headbutt the orc wizard.
The orc wizard is heavily wounded.
The orc priest hits you but does no damage.
You block the orc wizard's attack.
Your shield prevents you from hitting the orc wizard.
The orc wizard is heavily wounded.
The orc wizard hits you but does no damage.
The orc priest calls down the wrath of Beogh upon you.
Beogh smites you!
* * * LOW HITPOINT WARNING * * *
You block the orc wizard's attack. The orc priest hits you.
You die...

##.########
#...ogo@o.#
#.#######<#######
#.......#
#.#####.# #...#
#.# #.#.# #.#
#.#.# #.#
#####.#.###.#
............#


You could see an orc priest, an orc wizard, an orc and a hobgoblin.

Vanquished Creatures
  An orc wizard (D:3)
  An iguana (D:3)
  5 adders
  An ooze (D:2)
  3 worms (D:2)
  3 dart slugs
  2 leopard geckos (D:2)
  An orc (D:3)
  A ball python (D:1)
  8 bats
  3 giant cockroaches
  4 goblins
  6 hobgoblins
  4 jackals (D:1)
  A quokka (D:2)
  2 frilled lizards
  9 kobolds
  17 rats
72 creatures vanquished.

Notes
Turn   | Place    | Note
-------+----------+-------------------------------------------
     0 | D:1      | George the Minotaur Fighter began the quest for the Orb.
     0 | D:1      | Reached XP level 1. HP: 19/19 MP: 0/0
   145 | D:1      | Reached skill level 3 in Long Blades
   165 | D:1      | Reached XP level 2. HP: 15/26 MP: 1/1
   459 | D:1      | Reached skill level 4 in Long Blades
   565 | D:1      | Reached XP level 3. HP: 19/31 MP: 2/2
  1225 | D:2      | Reached skill level 5 in Long Blades
  1390 | D:2      | Found a hazy altar of Hepliaklqana.
  1449 | D:2      | Reached XP level 4. HP: 35/39 MP: 3/3
  1564 | D:2      | Found a shattered altar of Ashenzari.
  1669 | D:2      | Reached skill level 6 in Long Blades
  1839 | D:3      | Reached XP level 5. HP: 23/45 MP: 4/4
  2055 | D:3      | HP: 2/45 [orc priest/divine providence (17)]
  2055 | D:3      | Slain by an orc priest

Vault maps used:
D:1:      wheals_arrival_linesprint, minmay_misc_feat_tower,
          minmay_rat_gold_closets
D:2:      marbit_many_paths, overflow_temple_1_default, minmay_joined_circles
D:3:      overflow_temple_1_default

Skill      XL: |  1  2  3  4 |
---------------+-------------+-----
Long Blades    | 3 4 5 6 |  6.9
Fighting       | |  3.6
Armour         | |  3.6
Shields        | |  3.6

Action                   |  1- 3 |  4- 6 || total
-------------------------+-------+-------++-------
Melee: Long sword        |   109 |    76 ||   185
       Headbutt          |    13 |    14 ||    27
  Eat: Chunk             |     1 |     3 ||     4
Armor: Scale mail        |    35 |    21 ||    56
Dodge: Dodged            |    32 |    19 ||    51
Block: Shield            |    50 |    34 ||    84
       Rpst.: Long sword |    13 |     6 ||    19
